 Dungeon Crawl Stone Soup version 0.30-a0-778-g2ef04afb54 (webtiles) character file.

Game seed: 17989795022580428576

3 Firecrotchwizard the Chopper (level 1, -2/20 HPs)
             Began as a Hill Orc Monk on Feb 16, 2023.
             Slain by a hobgoblin (3 damage)
             ... on level 2 of the Dungeon.
             The game lasted 00:00:26 (164 turns).

Firecrotchwizard the Chopper (Hill Orc Monk)         Turns: 164, Time: 00:00:27

Health: -2/20      AC:  2    Str: 13    XL:     1   Next: 50%
Magic:  1/1        EV: 12    Int: 10    God:
Gold:   0          SH:  0    Dex: 13    Spells: 0/0 levels left

rFire   . . .      SeeInvis .    a - +0 hand axe
rCold   . . .      Faith    .    (no shield)
rNeg    . . .      Spirit   .    b - +0 robe
rPois   .          Reflect  .    (no helmet)
rElec   .          Harm     .    (no cloak)
rCorr   .          Rampage  .    (no gloves)
Will    .....                    (no boots)
Stlth   ++                       (no amulet)
HPRegen 0.23/turn                (no ring)
MPRegen 0.07/turn                (no ring)

@: lethally poisoned (-2 -> -5)
A: no striking features
a: no special abilities


You were on level 2 of the Dungeon.
You visited 1 branch of the dungeon, and saw 2 of its levels.

Inventory:

Hand Weapons
 a - a +0 hand axe (weapon)
Armour
 b - a +0 robe (worn)
Potions
 G - a potion of ambrosia {!q}


   Skills:
 + Level 3.7 Fighting
 * Level 4.2 Axes
 - Level 2.4 Dodging
 - Level 1.5 Stealth


You couldn't memorise any spells.
You didn't know any spells.
Your spell library was empty.

Dungeon Overview and Level Annotations

Branches:
Dungeon (2/15)

Altars:


Message History

Bad channel name for runrest: 'Jiyva says: Divide and consume' Welcome, Firecrotchwizard the Hill Orc Monk.
They say the Orb of Zot lies within this dungeon, but they say a lot of things.
Found a staircase leading out of the dungeon.
You enter the shallow water.
Moving in this stuff is going to be slow.
A bat comes into view.
The bat hits you but does no damage.
You closely miss the bat. The bat hits you.
You take 1 damage, and have 18/19 hp.
The bat hits you.
You take 1 damage, and have 17/19 hp.
No target in view!
No target in view!
No target in view!
A bat is nearby!
You strike the helpless bat from behind!
You hit the bat.
You kill the bat!
No target in view!
No target in view!
A ball python and a bat come into view.
Found a stone staircase leading down.
Health restored: 19 The ball python hisses angrily.
The bat hits you but does no damage.
You hit the bat.
You kill the bat!
Health restored: 20 You barely miss the ball python.
The ball python barely misses you. The ball python grabs you.
The ball python constricts you. The ball python barely misses you.
The ball python constricts you.
You take 1 damage, and have 19/20 hp.
You hit the ball python.
You kill the ball python!
No target in view!
No target in view!
(D) Dungeon
Where to? (? - help)
You see here a bat corpse.
There is a stone staircase leading down here.
You climb downwards.
There is a stone staircase leading up here.
An endoplasm is nearby!
Health restored: 20 You hit the endoplasm.
The endoplasm hits you.
You take 1 damage, and have 19/20 hp.
You hit the endoplasm.
You kill the endoplasm!
No target in view!
A hobgoblin comes into view.
Health restored: 20 A hobgoblin is nearby!
An adder comes into view.
The adder hisses angrily.
Found a club.
Found a stone staircase leading down.
You miss the adder. The adder closely misses you. The adder bites you.
You take 3 damage, and have 17/20 hp.
You barely miss the adder. The adder bites you.
You closely miss the adder.
The adder bites you but does no damage. x2
You hit the adder. The adder bites you but does no damage.
You barely miss the adder. The adder barely misses you. x2
You miss the adder. The adder closely misses you.
You hit the adder. The adder bites you but does no damage.
You barely miss the adder. The adder closely misses you. The adder bites you.
You take 3 damage, and have 15/20 hp.
You closely miss the adder. The adder bites you.
You take 1 damage, and have 14/20 hp.
You miss the adder.
The hobgoblin shouts!
You hear a shout!
The adder bites you but does no damage. The adder closely misses you.
You closely miss the adder. You hit the hobgoblin.
The adder completely misses you. The hobgoblin hits you.
You take 2 damage, and have 13/20 hp.
You hit the adder. You barely miss the hobgoblin. The adder misses you.
The hobgoblin hits you.
You take 4 damage, and have 9/20 hp.
You completely miss the adder. You barely miss the hobgoblin.
The adder bites you. The hobgoblin closely misses you.
The adder bites you but does no damage.
You take 1 damage, and have 8/20 hp.
You closely miss the adder. You closely miss the hobgoblin.
The adder bites you.
You are poisoned.
The adder poisons you!
The hobgoblin hits you but does no damage.
A hobgoblin comes into view.
You miss the adder. You hit the hobgoblin.
* * * LOW HITPOINT WARNING * * *
You feel sick. The adder barely misses you.
The hobgoblin completely misses you. The adder bites you.
* * * LOW HITPOINT WARNING * * *
You take 5 damage, and have 3/20 hp.
MASSIVE DAMAGE!!
You barely miss the adder. You hit the hobgoblin but do no damage.
* * * LOW HITPOINT WARNING * * *
You feel sick. The hobgoblin hits you.
You die...

..#. ...$..
#...#...... #
.......... .# .
........ ..#.#
#..#.. #..... #.#.#
#g..... ##.
#...###g.....)
....###.....@S.....>
............#.......
#..#..<............
.......######.......
....... #......
....... #.....
....... ##.##
......[ .# .......


You could see an adder and 2 hobgoblins.

Vanquished Creatures
  An endoplasm (D:2)
  A ball python (D:1)
  2 bats (D:1)
4 creatures vanquished.

Notes
Turn   | Place    | Note
-------+----------+-------------------------------------------
     0 | D:1      | Firecrotchwizard the Hill Orc Monk began the quest for the
                  | Orb.
     0 | D:1      | Reached XP level 1. HP: 19/19 MP: 1/1
   163 | D:2      | HP: 3/20 [adder (3)]
   164 | D:2      | HP: 1/20 [poisoned by an adder]
   164 | D:2      | Slain by a hobgoblin

Illustrated notes

Levels and vault maps discovered:
D:1:      kilobyte_arrival_exit_the_forest, layout_basic, minmay_3d_cube
D:2:      layout_rooms, basic_altar, st_stairs_14, uniq_crazy_yiuf_cottage

Action                     || total
---------------------------++-------
  Melee: Hand axe          ||    23
   Stab: Distracted        ||     1
 Armour: Robe              ||     9
  Dodge: Dodged            ||    13

Table legend: (Time is in decaauts)
 A = Elapsed time spent in this place.
 B = Non-inter-level travel time spent in this place.
 C = Inter-level travel time spent in this place.
 D = Time resting spent in this place.
 E = Time spent auto-exploring this place.
 F = Levels seen in this place.
 G = Mean time per level.
                   A        B        C        D        E       F      G
               +--------+--------+--------+--------+--------+-----+--------+
         Total |    167 |    160 |      7 |      0 |    119 |   2 |   83.5 |
       Dungeon |    167 |    160 |      7 |      0 |    119 |   2 |   83.5 |
               +--------+--------+--------+--------+--------+-----+--------+

Top non-repeatable levels by time:
     D:1: 135 daAuts
     D:2: 31 daAuts

Table legend:
 A = Kills in this place as a percentage of kills in entire the game.
 B = Kills by you in this place as a percentage of kills by you in the entire game.
 C = Kills by friends in this place as a percentage of kills by friends in the entire game.
 D = Other kills in this place as a percentage of other kills in the entire game.
 E = Experience gained in this place as a percentage of experience gained in the entire game.
 F = Experience gained in this place divided by the number of levels of this place that you have seen.
                   A       B       C       D       E      F
               +-------+-------+-------+-------+-------+----------------------
         Total | 100.0 | 100.0 |   N/A |   N/A | 100.0 |   2.5
       Dungeon | 100.0 | 100.0 |   N/A |   N/A | 100.0 |   2.5
               +-------+-------+-------+-------+-------+----------------------
